 Dungeon Crawl Stone Soup version 0.30.1-11-g7821555f0a (webtiles) character file.

Game seed: 13675883995887279514

96691 ChiefBigBeans the Warrior (level 15, -4/107 HPs)
             Began as a Gargoyle Fighter on Oct 10, 2023.
             Was the Champion of Ru.
             Killed from afar by a storm dragon (9 damage)
             ... with a bolt of lightning
             ... on level 14 of the Dungeon on Nov 7, 2023.
             The game lasted 01:04:54 (23027 turns).

ChiefBigBeans the Warrior (Gargoyle Fighter)       Turns: 23027, Time: 01:04:55

Health: -4/107     AC: 42    Str: 30    XL:     15   Next: 17%
Magic:  24/24      EV:  7    Int:  6    God:    Ru [******]
Gold:   1125       SH: 23    Dex:  9    Spells: 14/14 levels left

rFire   + . .        r - +1 demon whip (elec)
rCold   . . .        p - +0 tower shield
rNeg    + . .        u - +0 plate armour {rF+}
rPois   ∞            t - +2 helmet {SInv}
rElec   +            m - +0 cloak {rPois}
rCorr   .            e - +2 pair of gloves
SInv    +            q - +2 pair of boots {Stlth+}
Will    +++..        w - amulet of reflection Stlth
                     i - ring "Surecinn" {+Blink Will++ MP+9 Str+6 Dex-2}
HPRegen 0.37/turn    n - +4 ring of protection
MPRegen 0.19/turn

%: reflection
@: about to teleport, flying
A: sickness immunity, AC +11, big wings, clumsy 1, dopey 1, negative energy
resistance 1, electricity resistance, torment resistance 1, petrification
resistance, inability to use devices, hated by all, no hexes magic, no ice
magic, no necromancy magic, disrupted magic 1, inexperienced 1
a: Renounce Religion, Draw Out Power, Power Leap, Apocalypse


You were on level 14 of the Dungeon.
You worshipped Ru.
Ru was exalted by your worship.
You visited 3 branches of the dungeon, and saw 20 of its levels.
You also visited: Ice Cave.

You collected 1581 gold pieces.
You spent 456 gold pieces at shops.

Inventory:

Hand Weapons
 c - a +4 mace of protection
 r - a +1 demon whip of electrocution (weapon)
 F - the +0 great sword of the Hurling Gods {flame, rElec rN+++ Int-3 Stlth+}
   (You found it on level 14 of the Dungeon)

   Int:       It affects your intelligence (-3).
   rElec:     It insulates you from electricity.
   rN:        It renders you almost immune to negative energy.
   Stlth:     It makes you more stealthy.
Armour
 e - a +2 pair of gloves (worn)
 m - a +0 cloak of poison resistance (worn)
 p - a +0 tower shield (worn)
 q - a +2 pair of boots of stealth (worn)
 t - a +2 helmet of see invisible (worn)
 u - a +0 plate armour of fire resistance (worn)
Jewellery
 g - a ring of protection from fire
 i - the ring "Surecinn" (left hand) {+Blink Will++ MP+9 Str+6 Dex-2}
   (You acquired it on level 3 of the Dungeon)

   [ring of strength]

   Str:       It affects your strength (+6).
   Dex:       It affects your dexterity (-2).
   MP:        It affects your magic capacity (+9).
   +Blink:    It lets you blink.
   Will:      It greatly increases your willpower.
 n - a +4 ring of protection (right hand)
 w - an amulet of reflection (around neck)
 D - the amulet "Meptiw" {rPois Regen+ Str-4 Int+3}
   (You found it on level 12 of the Dungeon)

   [amulet of regeneration]

   Str:       It affects your strength (-4).
   Int:       It affects your intelligence (+3).
   rPois:     It protects you from poison.
   Regen:     It increases your rate of health regeneration.
Scrolls
 a - a scroll of magic mapping
 b - 2 scrolls of fear
 d - 16 scrolls of identify
 j - 6 scrolls of teleportation
 o - 3 scrolls of amnesia
 y - 4 scrolls of blinking
 z - 2 scrolls of fog
 B - 2 scrolls of silence
Potions
 f - a potion of cancellation
 h - 2 potions of magic
 k - 5 potions of curing
 v - 3 potions of brilliance
 x - a potion of haste
 E - a potion of might


   Skills:
 + Level 17.5 Fighting
 + Level 16.0 Maces & Flails
 + Level 11.8 Armour
 + Level 16.2 Shields


You had 14 spell levels left.
You didn't know any spells.
Your spell library contained the following spells:

 Spells                   Type           Power      Damage    Failure   Level
 Poisonous Vapours        Pois/Air       0%         N/A       100%        2
 Static Discharge         Conj/Air       0%         2-2/arc   100%        2
 Gell's Gravitas          Tloc           0%         N/A       100%        3
 Mephitic Cloud           Conj/Pois/Air  0%         N/A       100%        3
 Spider Form              Tmut/Pois      0%         N/A       100%        3
 Teleport Other           Tloc           0%         N/A       100%        3
 Volatile Blastmotes      Fire/Tloc      0%         2d10      100%        3
 Airstrike                Air            0%         2d(0-16)  100%        4
 Iskenderun's Mystic Bla  Conj/Tloc      0%         2d3       100%        4
 Blade Hands              Tmut           0%         N/A       100%        5
 Fireball                 Conj/Fire      0%         3d3       100%        5
 Iskenderun's Battlesphe  Conj           0%         2d6       100%        5
 Lee's Rapid Deconstruct  Erth           0%         3d4*      100%        5
 Conjure Ball Lightning   Conj/Air       0%         3x3d6     100%        6
 Dispersal                Tloc           0%         N/A       100%        6
 Eringya's Noxious Bog    Tmut/Pois      0%         N/A       100%        6
 Orb of Destruction       Conj           0%         9d5       100%        7
 Chain Lightning          Conj/Air       0%         N/A       100%        9
 Fire Storm               Conj/Fire      0%         5d1       100%        9
 Shatter                  Erth           0%         3d5*      100%        9
 Freeze                   Ice            Unusable   1d3       N/A         1
 Summon Small Mammal      Summ           Unusable   N/A       N/A         1
 Ensorcelled Hibernation  Hex/Ice        Unusable   N/A       N/A         2
 Call Canine Familiar     Summ           Unusable   N/A       N/A         3
 Frozen Ramparts          Ice            Unusable   1d1       N/A         3
 Hailstorm                Conj/Ice       Unusable   3d3       N/A         3
 Ozocubu's Armour         Ice            Unusable   N/A       N/A         3
 Portal Projectile        Hex/Tloc       Unusable   N/A       N/A         3
 Summon Guardian Golem    Hex/Summ       Unusable   N/A       N/A         3
 Tukima's Dance           Hex            Unusable   N/A       N/A         3
 Anguish                  Hex/Necr       Unusable   N/A       N/A         4
 Animate Dead             Necr           Unusable   N/A       N/A         4
 Fulminant Prism          Conj/Hex       Unusable   3d5       N/A         4
 Summon Lightning Spire   Summ/Air       Unusable   N/A       N/A         4
 Agony                    Necr           Unusable   N/A       N/A         5
 Freezing Cloud           Conj/Ice/Air   Unusable   6-21      N/A         5
 Metabolic Englaciation   Hex/Ice        Unusable   N/A       N/A         5
 Summon Forest            Summ/Tloc      Unusable   N/A       N/A         5
 Simulacrum               Ice/Necr       Unusable   N/A       N/A         6
 Haunt                    Necr/Summ      Unusable   N/A       N/A         7
 Summon Hydra             Summ           Unusable   N/A       N/A         7
 Infestation              Necr           Unusable   N/A       N/A         8

Dungeon Overview and Level Annotations

Branches:
Dungeon (14/15)            Temple (1/1) D:6            Lair (5/5) D:8
  Swamp (0/4) Lair:2        Snake (0/4) Lair:3        Slime (0/5) Lair:5
    Orc (0/2) D:9          Vaults (0/5) D:13          IceCv (visited)

Altars:
Ashenzari
Cheibriados
Dithmenos
Elyvilon
Gozag
Kikubaaqudgha
Makhleb
Nemelex Xobeh
Okawaru
Qazlal
Ru
Sif Muna
Trog
Uskayaw
Vehumet
Wu Jian
Xom
Zin
The Shining One

Shops:
D:6 !   D:7 !=   D:10 [![[!   D:14 (

Annotations:
D:14 1 runed translucent door


Innate Abilities, Weirdness & Mutations

You are immune to sickness and miasma.
Your stone body is resilient. (AC +11)
You are immune to poison.
Your large and strong wings let you fly.
You are clumsy. (Dex -2)
You are dopey. (Int -2)
You resist negative energy. (rN+)
You are resistant to electric shocks. (rElec)
You are resistant to unholy torment.
You are immune to petrification.
You cannot study or use magical devices.
You are hated by all.
You cannot study or cast Hexes magic.
You cannot study or cast Ice magic.
You cannot study or cast Necromancy magic.
Your casting is slightly disrupted.
You are somewhat inexperienced. (-1 XL)


Message History

You block the ettin's attack. x2
The storm dragon is no longer blind.
The storm dragon bites you but does no damage.
You block the storm dragon's attack. The storm dragon barely misses you.
You block the storm dragon's attack.
The storm dragon claws you but does no damage.
You block the storm dragon's attack. You block the ettin's attack.
The ettin hits you with a +0 dire flail!!
* * * LOW HITPOINT WARNING * * *
The storm dragon breathes lightning at you.
The bolt of lightning hits you! You resist.
* * * LOW HITPOINT WARNING * * *
You hear a roar!
You hear an angry hiss.
You hear a roar!
You see here a basilisk corpse.
You completely miss the storm dragon.
The storm dragon is severely wounded.
You block the ettin's attack. x2
You hit the storm dragon but do no damage.
The storm dragon is severely wounded.
The storm dragon bites you.
* * * LOW HITPOINT WARNING * * *
You block the storm dragon's attack. x2
You feel better. You block the ettin's attack.
The ettin hits you with a +0 dire flail!
* * * LOW HITPOINT WARNING * * *
You block the storm dragon's attack. x3
You feel better.
The ettin is no longer blind.
You block the storm dragon's attack. x2; The storm dragon tramples you.
* * * LOW HITPOINT WARNING * * *
You are shoved backwards!
You block the ettin's attack.
The ettin hits you with a +0 dire flail!
* * * LOW HITPOINT WARNING * * *
Blink to where?
Press: ? - help, Dir - move target
As you read the scroll of blinking, it crumbles to dust.
As you read the scroll of teleportation, it crumbles to dust.
You feel strangely unstable.
The storm dragon breathes lightning at you.
The bolt of lightning hits you! You resist.
You die...

............#...†########..#...#
.(..........#....#......'..#...#
........)...#...D#......#..#...#
....####'##.#..C.#......#..#...##
....#.....#.#....#.....##..#.....
....#.....#.#....#..[..#...#.....
....#.....#.#....+.....#...#.....
....#.....#.#....#.....#...#.....
....###'###.###.@#.....#...#.....
###...........#..#######...#.....
..##'######...#!...........#.###.
......>...#...'..#####.....#.#$#.
.......####...#..# #.....#.###.
.......#......#..# #.....#.....
.......#......#..# #.....#....#
.......#......#..# #.....#....#
.......#......#..# #...###.....


You could see a storm dragon (catching breath) and an ettin.

Vanquished Creatures
  An acid blob (Lair:5)
  Frances (D:14)
  A tengu reaver (D:14)
  An ironbound preserver (D:13)
  3 very ugly things
  The ghost of Legs the Fighter, a journeyman MiBe of Trog (Lair:3)
  A dire elephant (Lair:4)
  An ettin (D:14)
  Erolcha (D:9)
  2 rakshasas
  Harold (D:9)
  A death knight (D:14)
  3 caustic shrike simulacra (IceCv)
  A hydra (Lair:5)
  Erica (D:9)
  3 catoblepae
  8 centaur warriors
  5 death yaks
  3 boulder beetles
  4 tengu warriors
  A deep troll earth mage (D:14)
  5 two-headed ogres
  The ghost of BillyBaka the Cleaver, a novice MiFi of Okawaru (D:7)
  10 skeletal warriors
  2 bog bodies (Lair:2)
  A wizard (D:14)
  2 orange crystal statues (IceCv)
  2 orc knights (D:14)
  3 deep elf pyromancers
  A salamander (Lair:3)
  5 ugly things
  A manticore (D:12)
  2 cyclopes
  27 elephants
  A guardian serpent (D:13)
  Maurice (D:9)
  8 black mambas
  A gargoyle (D:11)
  16 cane toads
  A rime drake (Lair:5)
  3 unseen horrors
  Psyche (D:9)
  2 kobold demonologists
  An efreet (D:14)
  6 freezing wraiths
  8 komodo dragons
  A tengu conjurer (D:13)
  An anaconda simulacrum (IceCv)
  7 polar bears
  7 trolls
  4 hornets (Lair:5)
  8 blink frogs
  7 dream sheep
  13 slime creatures
  29 yaks
  A centaur simulacrum (D:14)
  2 dire elephant simulacra (IceCv)
  15 spriggans
  A wyvern (Lair:5)
  4 wraiths
  2 basilisks (D:14)
  10 vampire mosquitoes
  A steam dragon (D:9)
  2 harpy simulacra (IceCv)
  2 hydra simulacra (IceCv)
  An acid dragon (D:12)
  14 water moccasins
  3 black bears
  5 orc warriors
  An alligator simulacrum (IceCv)
  6 ice beasts
  5 boggarts (Lair:5)
  4 ettin simulacra (IceCv)
  21 wolves
  An ogre (D:6)
  11 centaurs
  6 kobold brigands
  13 bullfrogs
  3 scorpions
  A hornet simulacrum (D:7)
  5 killer bees (D:9)
  A lindwurm simulacrum (IceCv)
  2 lava snakes (Lair:3)
  6 electric eels
  8 hounds
  A jelly (D:5)
  2 gnoll boudas
  4 orc priests
  2 iguanas
  4 orc wizards
  7 hell rats
  14 gnolls
  4 adders
  4 river rats (Lair:5)
  A shadow imp (D:8)
  4 white imps (D:7)
  3 worms
  4 dart slugs
  30 orcs
  A bat (D:1)
  10 endoplasms
  6 giant cockroaches
  9 goblins
  3 hobgoblins
  4 jackals
  29 kobolds
  3 quokkas
  3 ball pythons
  8 rats
549 creatures vanquished.

Vanquished Creatures (others)
  A catoblepas (Lair:1)
  A boulder beetle (D:10)
  A cyclops (D:12)
  2 elephants
  A cane toad (Lair:5)
  2 komodo dragons
  A yak (Lair:2)
  A water moccasin (Lair:5)
  An orc (D:11)
  2 kobolds
13 creatures vanquished.

Grand Total: 562 creatures vanquished

Notes
Turn   | Place    | Note
-------+----------+-------------------------------------------
     0 | D:1      | ChiefBigBeans the Gargoyle Fighter began the quest for the
                  | Orb.
     0 | D:1      | Reached XP level 1. HP: 14/14 MP: 1/1
   128 | D:1      | Reached XP level 2. HP: 12/19 MP: 2/2
   357 | D:1      | Reached XP level 3. HP: 24/24 MP: 3/3
   727 | D:2      | Reached skill level 4 in Fighting
   732 | D:2      | Reached XP level 4. HP: 19/29 MP: 4/4
   946 | D:2      | Identified the +1 robe of the Blessed Realm {Dex+2}
  1450 | D:2      | Reached XP level 5. HP: 4/34 MP: 5/5
  1980 | D:3      | Identified a scroll of acquirement
  1980 | D:3      | Acquired the ring "Surecinn" {+Blink Will++ MP+9 Str+6
                  | Dex-2}
  2262 | D:4      | Reached skill level 5 in Fighting
  2262 | D:4      | Reached skill level 5 in Shields
  2262 | D:4      | Reached XP level 6. HP: 30/40 MP: 6/6
  2619 | D:4      | You are sucked into a shaft and drop 1 floor!
  2619 | D:5      | Entered Level 5 of the Dungeon
  2701 | D:4      | Noticed a black bear
  2707 | D:4      | Killed a black bear
  2862 | D:5      | Reached XP level 7. HP: 41/44 MP: 7/7
  3296 | D:6      | Reached skill level 6 in Fighting
  3296 | D:6      | Reached skill level 5 in Maces & Flails
  3440 | D:6      | Found a staircase to the Ecumenical Temple.
  3467 | D:6      | Found Luados's Distillery.
  3471 | Temple   | Entered the Ecumenical Temple
  3739 | Temple   | Became a worshipper of Ru the Awakened
  3805 | D:6      | Reached XP level 8. HP: 43/52 MP: 8/8
  4123 | D:6      | Found a hazy altar of Hepliaklqana.
  4134 | D:6      | Found a radiant altar of Vehumet.
  4707 | D:6      | Found a white marble altar of Elyvilon.
  5065 | D:7      | Found Zaschufo's Jewellery Shop.
  5150 | D:7      | Gained mutation: Your casting is slightly disrupted. [Ru
                  | sacrifice]
  5193 | D:7      | Found a broken altar of Ashenzari.
  5252 | D:7      | Reached skill level 7 in Fighting
  5383 | D:7      | Noticed a two-headed ogre
  5384 | D:7      | Found a runed translucent gate.
  5384 | D:7      | Found a runed translucent gate.
  5384 | D:7      | Found a runed translucent gate.
  5390 | D:7      | Killed a two-headed ogre
  5391 | D:7      | Reached skill level 8 in Fighting
  5391 | D:7      | Reached XP level 9. HP: 44/59 MP: 9/9
  5470 | D:7      | Found Cazes's Distillery.
  5531 | D:7      | Noticed BillyBaka's ghost (novice MiFi)
  6092 | D:8      | Noticed a troll
  6117 | D:8      | Killed a troll
  6131 | D:8      | Noticed a two-headed ogre
  6154 | D:8      | Killed a two-headed ogre
  6155 | D:8      | Reached skill level 9 in Fighting
  6554 | D:8      | Found a staircase to the Lair.
  6571 | D:8      | Reached XP level 10. HP: 50/66 MP: 10/10
  6697 | D:8      | Found a shimmering blue altar of Sif Muna.
  7051 | D:8      | Found an ancient bone altar of Kikubaaqudgha.
  7241 | D:9      | Noticed Erica
  7269 | D:9      | Killed Erica
  7270 | D:9      | Reached skill level 10 in Fighting
  7270 | D:9      | Reached skill level 10 in Shields
  7364 | D:9      | Noticed Psyche
  7390 | D:9      | Killed Psyche
  7436 | D:9      | Noticed Maurice
  7483 | D:9      | Killed Maurice
  7494 | D:9      | Killed an unseen horror
  7646 | D:9      | Noticed Erolcha
  7667 | D:9      | Killed Erolcha
  7668 | D:9      | Reached skill level 11 in Fighting
  7668 | D:9      | Reached XP level 11. HP: 31/74 MP: 11/11
  7873 | D:9      | Found a staircase to the Orcish Mines.
  8145 | D:9      | Noticed Harold
  8162 | D:9      | Killed Harold
  8163 | D:9      | Reached skill level 10 in Maces & Flails
  8217 | D:9      | Gained mutation: You cannot study or use magical devices.
                  | [Ru sacrifice]
  8217 | D:9      | Reached * piety under Ru
  8217 | D:9      | Reached ** piety under Ru
  8217 | D:9      | Reached *** piety under Ru
  8546 | D:10     | Entered Level 10 of the Dungeon
  8720 | D:10     | Noticed a boulder beetle
  8774 | D:10     | Noticed a two-headed ogre
  8778 | D:10     | Killed a boulder beetle
  8788 | D:10     | Killed a two-headed ogre
  9090 | D:10     | Noticed a centaur warrior
  9090 | D:10     | Noticed a cyclops
  9091 | D:10     | Noticed an ogre mage
  9096 | D:10     | Noticed a cyclops
  9195 | D:10     | Found Yntamu's Armour Boutique.
  9203 | D:10     | Bought a +1 pair of boots of stealth for 198 gold pieces
  9209 | D:10     | Found Kyrifiz's Armour Shop.
  9210 | D:10     | Found Doajaps's Distillery.
  9210 | D:10     | Found Alausis's Armour Emporium.
  9218 | D:10     | Found Pocix's Distillery.
  9229 | D:10     | Bought a +2 helmet of see invisible for 258 gold pieces
  9257 | D:10     | Identified the +1 quarterstaff "Eckec" {freeze, rCorr}
  9257 | D:10     | Noticed a deep elf pyromancer
  9257 | D:10     | Noticed a centaur warrior
  9257 | D:10     | Noticed a deep elf pyromancer
  9258 | D:10     | Noticed a centaur warrior
  9267 | D:10     | Noticed a wizard
  9278 | D:10     | Identified the +6 morningstar "Xaas" {heavy, rElec Str+4}
  9278 | D:10     | Noticed a death knight
  9939 | D:11     | Noticed a two-headed ogre
  9953 | D:11     | Killed a two-headed ogre
  9969 | D:11     | Reached skill level 12 in Fighting
 10176 | D:11     | Noticed a centaur warrior
 10187 | D:11     | Killed a centaur warrior
 10402 | D:11     | Noticed a cyclops
 10431 | D:11     | Killed a cyclops
 10435 | D:11     | Gained mutation: You are somewhat inexperienced. (-1 XL)
                  | [Ru sacrifice]
 10435 | D:11     | Reached XP level 10. HP: 52/71 MP: 19/19
 10435 | D:11     | Reached **** piety under Ru
 10851 | Lair:1   | Entered Level 1 of the Lair of Beasts
 10999 | Lair:1   | Reached XP level 11. HP: 76/76 MP: 11/11
 11056 | Lair:1   | Noticed a catoblepas
 11081 | Lair:1   | Killed a catoblepas
 11163 | Lair:1   | Found an ornate altar of the Wu Jian Council.
 11163 | Lair:1   | Noticed a boulder beetle
 11231 | Lair:1   | Killed a boulder beetle
 11341 | Lair:1   | Found a hide-covered altar of Uskayaw.
 11987 | Lair:2   | Reached skill level 13 in Fighting
 12090 | Lair:2   | Noticed a catoblepas
 12114 | Lair:1   | Killed a catoblepas
 12582 | Lair:2   | Found a staircase to the Swamp.
 12875 | Lair:2   | Gained mutation: You are hated by all. [Ru sacrifice]
 12875 | Lair:2   | Reached ***** piety under Ru
 12964 | Lair:2   | Noticed a boulder beetle
 12978 | Lair:2   | Killed a boulder beetle
 13069 | Lair:2   | Reached XP level 12. HP: 74/84 MP: 12/12
 13094 | Lair:2   | Reached skill level 14 in Fighting
 13780 | Lair:3   | Found a staircase to the Snake Pit.
 14068 | Lair:3   | Found a runed translucent door.
 14068 | Lair:3   | Noticed Legs's ghost (journeyman MiBe)
 14712 | Lair:4   | Reached skill level 5 in Armour
 14896 | Lair:4   | Gained mutation: You are dopey. (Int -2) [Ru sacrifice]
 15021 | Lair:4   | Noticed a dire elephant
 15044 | Lair:4   | Killed a dire elephant
 15045 | Lair:4   | Reached skill level 15 in Fighting
 15566 | Lair:4   | Reached XP level 13. HP: 92/92 MP: 13/13
 15926 | Lair:5   | Entered Level 5 of the Lair of Beasts
 16860 | Lair:5   | Reached skill level 16 in Fighting
 17144 | Lair:5   | Gained mutation: You are clumsy. (Dex -2) [Ru sacrifice]
 17274 | Lair:5   | Found a runed translucent door.
 17274 | Lair:5   | Noticed an acid blob
 17277 | Lair:5   | Found a staircase to the Slime Pits.
 17680 | Lair:5   | Killed an acid blob
 18071 | D:7      | Killed BillyBaka's ghost
 18105 | D:7      | Got the ring "Qecwudam" {Fire Stlth+}
 18278 | Lair:3   | Killed Legs's ghost
 18281 | Lair:3   | Got the Compendium of the Glacier and Darkness
 18790 | D:12     | Identified the amulet "Meptiw" {rPois Regen+ Str-4 Int+3}
 19077 | D:12     | Gained mutation: Your large and strong wings let you fly.
                  | [Gargoyle growth]
 19077 | D:12     | Reached XP level 14. HP: 17/81 MP: 14/14
 19080 | D:12     | Reached skill level 15 in Maces & Flails
 19471 | D:12     | Reached skill level 10 in Armour
 19471 | D:12     | Reached skill level 15 in Shields
 20134 | D:13     | HP: 1/95 [ironbound preserver/+0 dire flail (12)]
 20378 | D:13     | Found a gate to the Vaults.
 20732 | D:13     | Gained mutation: You cannot study or cast Ice magic. [Ru
                  | sacrifice]
 20732 | D:13     | Gained mutation: You cannot study or cast Hexes magic. [Ru
                  | sacrifice]
 20732 | D:13     | Gained mutation: You cannot study or cast Necromancy magic.
                  | [Ru sacrifice]
 20732 | D:13     | Reached ****** piety under Ru
 20897 | D:14     | Noticed a tengu reaver
 20897 | D:14     | Noticed a storm dragon
 20897 | D:14     | Noticed a sphinx
 20897 | D:14     | Noticed a tengu reaver
 20897 | D:14     | Found a runed translucent door.
 21018 | D:14     | Found Fefugeuf's Antique Weapon Shop.
 21071 | D:14     | Reached skill level 17 in Fighting
 21206 | D:14     | Found a frozen archway.
 21229 | IceCv    | Entered an ice cave
 22029 | D:14     | Noticed Frances
 22043 | D:14     | Killed Frances
 22121 | D:14     | Identified the +1 ring mail "Teekogio" {rPois rN+++ Int-5
                  | Dex+3}
 22177 | D:14     | Found a runed translucent door.
 22335 | D:14     | Identified the +0 great sword of the Hurling Gods {flame,
                  | rElec rN+++ Int-3 Stlth+}
 22354 | D:14     | Upgraded the game from 0.30.1-9-gdf580d7c3d to
                  | 0.30.1-11-g7821555f0a
 22503 | D:14     | Reached XP level 15. HP: 103/104 MP: 15/15
 22749 | D:14     | Killed a tengu reaver
 23024 | D:14     | HP: 5/107 [ettin/+0 dire flail (16)]
 23027 | D:14     | Killed from afar by a storm dragon

Illustrated notes

Levels and vault maps discovered:
D:1:      ncdulo_watergridlock, layout_basic
D:2:      layout_basic
D:3:      layout_rooms
D:4:      black_bear_nest_1, layout_basic, nrook_uturn, feat_on_display
D:5:      layout_cave_pools
D:6:      layout_basic, lemuel_tele_altar, mainiacjoe_overflow_large_starburst,
          minmay_temple_entry_statues, serial_shops, shop,
          minmay_tree_intersection
D:7:      layout_basic, nicolae_ashenzari_skybound, serial_corexii_hall,
          corexii_hall_statues_s, corexii_hall_statues_x, gammafunk_ghost_icy,
          serial_shops, shop, nicolae_shop_temple_entry_statues_fountains
D:8:      layout_loops_ring, lemuel_doored_altar, mainiacjoe_overflow_catwalk,
          erik_lair_island
D:9:      layout_long_grid, orc_0_dummy, uniq_erica, uniq_maurice, uniq_psyche,
          uniq_harold, uniq_erolcha
D:10:     layout_irregular_city, serial_shops, shop, nicolae_wooded_promenade,
          minivault_12
D:11:     layout_irregular_city, st_stairs_2
D:12:     layout_cave_pods
D:13:     layout_roguey, skrybe_vaults_entry_preservation,
          nrook_guardian_serpent_double
D:14:     minmay_expanding_circles, layout_irregular_city, serial_shops, shop,
          portal_ice_cave_entry_frozen_things, dreamdust_mushroom_princess,
          st_stairs_10, item_on_display_a, uniq_frances
Temple:   eino_temple_rhombus
Lair:1:   layout_regular_city, nzn_masters_of_martial_movement
Lair:2:   layout_long_grid, skrybe_swamp_entry_bodies, serial_forest,
          infiniplex_forest_lined_2, infiniplex_forest_end_double,
          infiniplex_forest_straight_2, infiniplex_forest_lined_corner,
          infiniplex_forest_pool, infiniplex_forest_3_way
Lair:3:   layout_small_grid, nicolae_snake_entry_warm_welcome,
          ebering_ghost_inner_flame
Lair:4:   mu_elephants_graveyard, layout_regular_city,
          eino_small_chamber_without_monster, minmay_hedge_maze,
          beast_lair_carwin_11, serial_bayou_shore_a
Lair:5:   minmay_lair_end_enchanted_forest, layout_misc_corridors,
          slime_entry_2, kennysheep_abandoned_house

Skill      XL: |  1  2  3  4  5  6  7  8  9 10 11 12 13 14 15 |
---------------+----------------------------------------------+-----
Fighting       | 4 5 6 8 9 11 13 15 16 17 | 17.5
Shields        | 4 5 6 8 9 11 13 14 15 16 | 16.2
Maces & Flails | 3 4 5 6 8 9 12 13 14 15 16 | 16.0
Armour         | 7 9 11 | 11.8

Action                     |  1- 3 |  4- 6 |  7- 9 | 10-12 | 13-15 || total
---------------------------+-------+-------+-------+-------+-------++-------
  Melee: Flail             |    79 |   206 |   222 |   257 |       ||   764
         Mace              |       |       |       |   551 |       ||   551
         Demon whip        |       |       |       |   433 |  1063 ||  1496
 Invoke: Sacrifice Essence |       |       |     1 |       |       ||     1
         Sacrifice Experie |       |       |       |     1 |       ||     1
         Power Leap        |       |       |       |     3 |       ||     3
         Sacrifice Artific |       |       |       |     1 |       ||     1
         Sacrifice Love    |       |       |       |     1 |       ||     1
         Sacrifice Purity  |       |       |       |     1 |     1 ||     2
         Apocalypse        |       |       |       |       |    13 ||    13
         Sacrifice Arcana  |       |       |       |       |     1 ||     1
    Use: Scroll            |       |    12 |     5 |     8 |     9 ||    34
         Potion            |       |     7 |       |     2 |     7 ||    16
   Stab: Distracted        |       |       |       |     3 |     1 ||     4
         Invisible         |       |       |       |     1 |     6 ||     7
         Petrified         |       |       |       |     5 |    12 ||    17
         Paralysed         |       |       |       |       |    12 ||    12
 Armour: Scale mail        |    46 |   137 |   124 |       |       ||   307
         Plate armour      |       |       |    50 |   531 |   389 ||   970
  Dodge: Dodged            |    45 |    81 |    93 |   167 |   118 ||   504
  Block: Buckler           |    17 |    53 |    36 |       |       ||   106
         Tower shield      |       |       |    61 |  1046 |   899 ||  2006
         Reflection        |       |       |       |     7 |    20 ||    27
